 Dungeon Crawl Stone Soup version 0.31-a0-1616-gbeaec30b81 (console) character file.

Game seed: 3107829850759181137

353 petzl the Sneak (level 6, 0/49 HPs)
             Began as a Formicid Delver on Jan 10, 2024.
             Slain by a sleepcap (3 damage)
             ... on level 7 of the Dungeon.
             The game lasted 00:17:13 (4164 turns).

petzl the Sneak (Formicid Delver)                   Turns: 4164, Time: 00:17:13

Health: 0/49       AC:  5    Str: 16    XL:     6   Next: 94%
Magic:  10/10      EV: 13    Int: 12    God:
Gold:   223        SH:  0    Dex: 15    Spells: 10/10 levels left

rFire   + + +        b - +0 sling
rCold   . . .        (no shield)
rNeg    . . .        g - +2 robe of Quiet Fog {-Tele rF+++ SInv Stlth+}
rPois   +            (helmet unavailable)
rElec   .            (no cloak)
rCorr   .            D - +0 pair of gloves
SInv    +            (no boots)
Will    .....        (no amulet)
Stlth   ++++         x - ring of poison resistance
HPRegen 0.28/turn    r - ring of protection from fire
MPRegen 0.12/turn

%: no passive effects
@: no status effects
A: permanent stasis, dig shafts and tunnels, antennae 3, four strong arms
a: Dig, Shaft Self


You were on level 7 of the Dungeon.
You visited 2 branches of the dungeon, and saw 9 of its levels.

You collected 313 gold pieces.
You spent 90 gold pieces at shops.

Inventory:

Hand Weapons
 a - a +1 whip of venom
 b - a +0 sling (weapon)
Missiles
 t - 9 poisoned darts
Armour
 g - the +2 robe of Quiet Fog (worn) {-Tele rF+++ SInv Stlth+}
   (You found it on level 4 of the Dungeon)

   rF+++:     It renders you almost immune to fire.
   SInv:      It lets you see invisible.
   -Tele:     It prevents most forms of teleportation.
   Stlth+:    It makes you more stealthy.
 j - the +18 shield of the Gong {Loud rN+ Will+ rCorr EV-5}
   (You found it on level 4 of the Dungeon)

   Loud:      It is deafeningly noisy when blocking attacks.
   EV-5:      It affects your evasion (-5).
   rN+:       It protects you from negative energy.
   Will+:     It increases your willpower.
   rCorr:     It protects you from acid and corrosion.
 k - a +0 leather armour
 D - a +0 pair of gloves (worn)
Jewellery
 l - a ring of magical power
 r - a ring of protection from fire (right hand)
 x - a ring of poison resistance (left hand)
 y - a ring of positive energy
 B - a ring of magical power
 E - a ring of ice
Wands
 f - a wand of digging (7)
 F - a wand of mindburst (8)
 H - a wand of polymorph (6)
Scrolls
 c - a scroll of fog
 d - 2 scrolls of revelation
 e - 2 scrolls of fear
 m - a scroll of silence
 o - a scroll of vulnerability
 p - a scroll of enchant armour
 u - a scroll of enchant weapon
 w - a scroll of brand weapon
Potions
 h - 2 potions of brilliance
 i - a potion of cancellation
 n - a potion of lignification {unknown}
 q - a potion of invisibility {unknown}
 s - a potion of haste {unknown}
 v - a potion of ambrosia {unknown}
 z - 2 potions of enlightenment {unknown}
 A - 4 potions of curing
 G - a potion of resistance {unknown}


   Skills:
 + Level 4.7 Fighting
 - Level 2.2 Maces & Flails
 + Level 2.6 Ranged Weapons
 + Level 3.3 Dodging
 - Level 6.2 Stealth
 + Level 2.8 Spellcasting
 + Level 0.8 Evocations


You had 10 spell levels left.
You didn't know any spells.
Your spell library contained the following spells:

 Spells                   Type           Power      Damage    Failure   Level
 Lesser Beckoning         Tloc           2%         N/A       36%         2
 Momentum Strike          Conj/Tloc      2%         3d8       36%         2
 Summon Ice Beast         Ice/Summ       1%         N/A       58%         3
 Alistair's Intoxication  Alch           0%         N/A       100%        5
 Borgnjor's Vile Clutch   Necr/Erth      0%         N/A       100%        5
 Summon Mana Viper        Hex/Summ       1%         N/A       100%        5
 Eringya's Noxious Bog    Alch           0%         4d6       100%        6
 Monstrous Menagerie      Summ           0%         N/A       100%        7
 Blink                    Tloc           Unusable   N/A       N/A         2

Dungeon Overview and Level Annotations

Branches:
Dungeon (8/15)             Temple (1/1) D:4
   Lair: D:8-11

Altars:
Ashenzari
Cheibriados
Dithmenos
Elyvilon
Fedhas
Gozag
Kikubaaqudgha
Qazlal
Sif Muna
Uskayaw
Zin

Shops:
D:4 [

Annotations:
D:3 exclusion: downstairs
D:4 Blork the orc
D:5 1 runed translucent door, Azoth's ghost, amateur OpSh
D:8 Maggie; Maurice


Innate Abilities, Weirdness & Mutations

You cannot be hasted, slowed, berserked, paralysed or teleported.
You can dig through walls and to a lower floor.
You have a pair of large antennae on your head. (SInv)
Your four strong arms can wield two-handed weapons with a shield.


Message History

The sleepcap releases spores at you!
You wake up.
Unknown command.
Unknown command.
Unknown command.
Unknown command.
Unknown command.
Aiming: Dig
Press: ? - help, Shift-Dir - straight line, f - you, p - sleepcap Please select a direction to dig.
Okay, then.
Unknown command.
Aiming: Mindburst
Press: ? - help, Shift-Dir - straight line, f/p - sleepcap
Aim: a sleepcap (heavily damaged, not susceptible)
Okay, then.
Unknown command.
Okay, then.
Unknown command.
Unknown command.
You shoot a sling bullet. The sling bullet hits the sleepcap.
The sleepcap is heavily damaged.
The sleepcap releases spores at you.
You shoot a sling bullet. The sling bullet hits the sleepcap.
The sleepcap is severely damaged.
The sleepcap closely misses you.
You shoot a sling bullet.
The sling bullet hits the sleepcap but does no damage.
The sleepcap is severely damaged.
The sleepcap releases spores at you.
* * * LOW HITPOINT WARNING * * *
You are engulfed in a cloud of soporific spores!
You fall asleep.
The sleepcap releases spores at you!
You wake up.
* * * LOW HITPOINT WARNING * * *
You are engulfed in a cloud of soporific spores!
You are unaffected.
Unknown command.
Are you sure you want to shaft yourself?
The sleepcap releases spores at you.
You die...

. . .# { .. #.# ...
#..### ..# #...###
..# #....# ..# #....#
..# #....## ##..####.
#.....# #........
#.....# ###@.......
#####.# #..f.......
#.#########..##..###.
#.................#
##..#####...#####.#
#..# #....... .#{
##.## ..###.... #
#..# #..# ..... #..#
#..# .... #..###..#
... #.[.>...# ...
.........###.#
.........# ..........
###........
........##.
###.####.# .# .. ...
#


You could see a sleepcap.

Vanquished Creatures
  A phantom (D:5)
  An orc priest (D:3)
  A bombardier beetle (D:3)
  An orc wizard (D:3)
  5 adders
  A white imp (D:5)
  3 ribbon worms
  11 orcs
  14 ball pythons
  11 endoplasms
  6 giant cockroaches
  5 goblins
  9 hobgoblins
  11 jackals
  5 quokkas
  6 bats
  17 frilled lizards
  4 kobolds
  9 rats
  A spectral goblin (D:2)
122 creatures vanquished.

Notes
Turn   | Place    | Note
-------+----------+-------------------------------------------
     0 | D:5      | petzl the Formicid Delver began the quest for the Orb.
     0 | D:5      | Reached XP level 1. HP: 18/18 MP: 1/1
     2 | D:5      | Found a runed translucent door.
    71 | D:4      | Identified the +2 robe of Quiet Fog {-Tele rF+++ SInv
                  | Stlth+}
    83 | D:4      | Found a hide-covered altar of Uskayaw.
   113 | D:4      | Reached XP level 2. HP: 24/24 MP: 2/2
   157 | D:4      | Noticed Blork the orc
   180 | D:4      | Found the +18 shield of the Gong {Loud rN+ Will+ rCorr
                  | EV-5}
   311 | D:3      | Reached skill level 1 in Spellcasting
   311 | D:3      | Reached XP level 3. HP: 26/29 MP: 2/4
   406 | D:2      | Found a faded altar of an unknown god.
   957 | D:1      | Reached XP level 4. HP: 33/37 MP: 6/6
  1152 | D:1      | Reached skill level 1 in Ranged Weapons
  1689 | D:2      | Reached XP level 5. HP: 42/42 MP: 7/7
  2117 | D:3      | You fall into a shaft and drop 1 floor!
  2306 | D:4      | Found a staircase to the Ecumenical Temple.
  2436 | D:3      | Found Zin's Purification Station.
  2439 | D:3      | Found a glowing silver altar of Zin.
  2453 | D:3      | Bought a potion of curing for 90 gold pieces
  2692 | D:3      | Reached XP level 6. HP: 49/49 MP: 9/9
  3204 | Temple   | Entered the Ecumenical Temple
  3285 | D:4      | Found Ubrubb's Antique Armour Shoppe.
  3646 | D:5      | Noticed Azoth's ghost (amateur OpSh)
  3672 | D:5      | Noticed an ice beast
  3789 | D:5      | You fall into a shaft and drop 1 floor!
  3805 | D:6      | Noticed an ogre
  3810 | D:6      | You fall into a shaft and drop 2 floors!
  3870 | D:8      | Noticed Maggie
  3890 | D:8      | Noticed Maurice
  4163 | D:7      | HP: 2/49 [sleepcap (11)]
  4164 | D:7      | Slain by a sleepcap

Illustrated notes

Levels and vault maps discovered:
D:1:      psy_arrival_terrarium, layout_loops_cross, minmay_lizard_king
D:2:      layout_loops_ring, dreamdust_ecumenical_altar_drowned_temple,
          minmay_tromino_i2
D:3:      minmay_inner_zag, layout_basic, zin_purify
D:4:      layout_loops_ring, nicolae_uskayaw_dance_hall,
          minmay_temple_entry_waves, serial_shops,
          nicolae_shop_temple_entry_statues_fountains, sigmund_army,
          uniq_blork_the_orc
D:5:      layout_rooms, lemuel_mausoleum_altar_yredelemnul,
          ebering_ghost_sewer_d, nicolae_the_louvre
D:6:      layout_basic, nemelex_diamond_rough_becter
D:7:      layout_basic, old_standard_altar,
          nicolae_overflow_hallway_of_the_gods, enter_bailey_3,
          reono_crystal_passage
D:8:      layout_loops_corners, nzn_hepliaklqana_mist_gate, uniq_maggie,
          uniq_maurice, uniq_jeremiah
Temple:   nicolae_temple_bog_church

Skill      XL: |  1  2  3  4  5  6 |
---------------+-------------------+-----
Dodging        | 2 3 |  3.3
Spellcasting   | 1 2 |  2.8
Ranged Weapons | 1 2 |  2.6
Fighting       | 4 |  4.7
Maces & Flails | |  2.2
Stealth        | |  6.2
Evocations     | |  0.8

Action                     |  1- 3 |  4- 6 || total
---------------------------+-------+-------++-------
  Melee: Mace              |    99 |    95 ||   194
         Whip              |       |   145 ||   145
         Punch             |       |     3 ||     3
   Fire: Sling             |     7 |    20 ||    27
Ability: Dig               |       |     2 ||     2
         Shaft Self        |       |     4 ||     4
    Use: Scroll            |       |     6 ||     6
         Potion            |       |     2 ||     2
   Stab: Sleeping          |    10 |    21 ||    31
         Distracted        |       |     1 ||     1
 Armour: Robe              |    42 |   125 ||   167
         Leather armour    |     5 |       ||     5
  Dodge: Dodged            |    81 |   150 ||   231

Table legend: (Time is in decaauts)
 A = Elapsed time spent in this place.
 B = Non-inter-level travel time spent in this place.
 C = Inter-level travel time spent in this place.
 D = Time resting spent in this place.
 E = Time spent auto-exploring this place.
 F = Levels seen in this place.
 G = Mean time per level.
                   A        B        C        D        E       F      G
               +--------+--------+--------+--------+--------+-----+--------+
         Total |   4229 |   4019 |    210 |    287 |   1745 |   9 |  469.9 |
       Dungeon |   4227 |   4018 |    209 |    287 |   1745 |   8 |  528.4 |
        Temple |      1 |      0 |      1 |      0 |      0 |   1 |    1.0 |
               +--------+--------+--------+--------+--------+-----+--------+

Top non-repeatable levels by time:
     D:3: 1029 daAuts
     D:4: 980 daAuts
     D:2: 944 daAuts
     D:1: 741 daAuts
     D:8: 302 daAuts
     D:5: 152 daAuts
     D:7: 56 daAuts
     D:6: 20 daAuts
  Temple: 1 daAuts
